 Dungeon Crawl Stone Soup version 0.28.0 (webtiles) character file.

Game seed: 3875138444782233056

19 catcat the Sneak (level 2, 0/13 HPs)
             Began as a Spriggan Earth Elementalist on Feb 13, 2022.
             Slain by a worm (6 damage)
             ... on level 2 of the Dungeon.
             The game lasted 00:03:35 (1728 turns).

catcat the Sneak (Spriggan Earth Elementalist)      Turns: 1728, Time: 00:03:35

Health: 0/13       AC:  2    Str:  4    XL:     2   Next: 55%
Magic:  4/6        EV: 17    Int: 16    God:
Gold:   20         SH:  0    Dex: 15    Spells: 3/6 levels left

rFire   . . .      SeeInvis +   i - +1 short sword
rCold   . . .      Faith    .   (no shield)
rNeg    . . .      Spirit   .   b - +0 robe
rPois   .          Reflect  .   (helmet restricted)
rElec   .          Harm     .   (no cloak)
rCorr   .          Rampage  .   (gloves unavailable)
Will    .....                   (boots unavailable)
Stlth   ++........              (no amulet)
HPRegen 0.04/turn               (no ring)
MPRegen 0.10/turn               (no ring)

@: very quick
A: very small, no large weapons, unfitting armour, see invisible, speed 3
a: no special abilities


You were on level 2 of the Dungeon.
You visited 1 branch of the dungeon, and saw 2 of its levels.

You collected 20 gold pieces.

Inventory:

Hand Weapons
 a - a +0 mace
 i - a +1 short sword (weapon)
Missiles
 c - 41 stones
Armour
 b - a +0 robe (worn)
Scrolls
 d - a scroll of enchant weapon
 e - a scroll of fog {unknown}
 j - a scroll of vulnerability {unknown}
 k - a scroll of enchant armour {unknown}
Potions
 f - a potion of attraction {unknown}
 g - 2 potions of resistance {unknown}
 h - a potion of mutation {unknown}
 l - a potion of degeneration {unknown}


   Skills:
 * Level 0.7 Short Blades
 - Level 3.0 Dodging
 + Level 3.5 Stealth
 - Level 2.6 Spellcasting
 - Level 1.3 Transmutations
 - Level 3.1 Earth Magic


You had 3 spell levels left.
You knew the following spells:

 Your Spells              Type           Power      Damage    Failure   Level
a - Sandblast             Erth           24%        2d8       5%          1
b - Passwall              Tmut/Erth      7%         N/A       12%         2

Your spell library contained the following spells:

 Spells                   Type           Power      Damage    Failure   Level
 Stone Arrow              Conj/Erth      14%        3d7       30%         3
 Petrify                  Tmut/Erth      9%         N/A       58%         4


Dungeon Overview and Level Annotations

Branches:
Dungeon (2/15)

Altars:


Innate Abilities, Weirdness & Mutations

You are very small and have problems with some larger weapons.
You are too small for most types of armour.
You have supernaturally acute eyesight. (SInv)
You cover ground extremely quickly. (Speed+++)


Message History

Aim: a kobold, wielding a +0 dagger (74% to hit)
The blast of sand hits the kobold!
You kill the kobold!
You climb upwards.
There is a stone staircase leading down here.
You start resting.
Magic restored.
You climb downwards.
The endoplasm freezes you.
You are frozen.
There is a stone staircase leading up here.
You hit the endoplasm.
The endoplasm is almost dead.
The endoplasm hits you.
You hit the endoplasm.
You kill the endoplasm!
No target in view!
You start resting.
A worm is nearby!
Casting: Sandblast (safe; 5% risk of failure)
Confirm with . or Enter, or press ? or * to list all spells.
Aiming: Sandblast (safe; 5% risk of failure)
Press: ? - help, Shift-Dir - straight line, f - worm
Aim: a worm (93% to hit)
The blast of sand hits the worm!
The worm is severely wounded.
Casting: Sandblast (safe; 5% risk of failure)
Confirm with . or Enter, or press ? or * to list all spells.
Aiming: Sandblast (safe; 5% risk of failure)
Press: ? - help, Shift-Dir - straight line, f/p - worm
Aim: a worm (severely wounded, 93% to hit)
The blast of sand hits the worm.
The worm is almost dead.
You hit the worm.
The worm is almost dead.
The worm bites you.
You hit the worm but do no damage.
The worm is almost dead.
The worm bites you.
You die...

#.#.....##.#...
#########.#####........
........#..............
###.#..#....###...#.....
....w...##..........#....
#$..###.#..#[.......# ...
# #...##.##.###.#....
###....#.##..##......
......w@.....<.......
...........#######...
.".......).<...#
###.........##..... #
#........... ##.
#........(...#
..............#
..............#
..............#


You could see a worm.

Vanquished Creatures
  A dart slug (D:1)
  3 endoplasms
  A giant cockroach (D:1)
  3 hobgoblins (D:1)
  3 ball pythons
  A frilled lizard (D:1)
  2 kobolds (D:2)
  3 rats (D:1)
17 creatures vanquished.

Notes
Turn   | Place    | Note
-------+----------+-------------------------------------------
     0 | D:1      | catcat the Spriggan Earth Elementalist began the quest for
                  | the Orb.
     0 | D:1      | Reached XP level 1. HP: 9/9 MP: 5/5
   488 | D:1      | Reached XP level 2. HP: 1/13 MP: 3/6
   775 | D:1      | Learned a level 2 spell: Passwall
  1728 | D:2      | Slain by a worm

Illustrated notes

Levels and vault maps discovered:
D:1:      amcnicky_arrival_blooded_trapdoor, layout_basic, minmay_fountain_box
D:2:      layout_rooms, hellmonk_ecumenical_altar_watching_god, st_stairs_4,
          pf_guarded_unrand_woodcutter

Skill      XL: |  1 |
---------------+----+-----
Earth Magic    | 3 |  3.1
Dodging        | 3 |  3.0
Short Blades   | |  0.7
Stealth        | |  3.5
Spellcasting   | |  2.6
Transmutations | |  1.3

Action                   || total
-------------------------++-------
Melee: Mace              ||    11
       Short sword       ||    39
 Cast: Sandblast         ||    11
  Use: Scroll            ||     1
 Stab: Sleeping          ||     2
Armor: Robe              ||     4
Dodge: Dodged            ||    31
